 Dungeon Crawl Stone Soup version 0.17-a0-1430-g49fde19 (webtiles) character file.

64 emikaela the Stinger (level 3, -7/24 HPs)
             Began as a Mummy Venom Mage on June 25, 2015.
             Mangled by Terence
             ... wielding a +0 hand axe
              (9 damage)
             ... on level 2 of the Dungeon.
             The game lasted 00:06:53 (2172 turns).

emikaela the Stinger (Mummy Venom Mage)             Turns: 2172, Time: 00:06:53

Health: -7/24      AC:  2    Str: 11    XL:     3   Next: 91%
Magic:  0/6        EV: 12    Int: 15    God:
Gold:   112        SH:  0    Dex: 12    Spells: 2 memorised, 2 levels left

rFire  x . .     SeeInvis .     i - +0 dagger
rCold  + . .     Clarity  .     a - +0 robe
rNeg   + + +     SustAt   .     (no shield)
rPois  ∞         Gourm    .     (no helmet)
rElec  .         Spirit   .     (no cloak)
rCorr  .         Warding  .     (no gloves)
rMut   .         Stasis   .     (no boots)
MR     .....                    (no amulet)
Stlth  ++........               (no ring)
                                (no ring)

@: very slightly contaminated, not resistant to hostile enchantments, unstealthy
A: no food or potions, fire vulnerability, cold resistance 1, negative energy
resistance 3, torment resistance, unbreathing
a: no special abilities


You were on level 2 of the Dungeon.
You were not hungry.

You visited 1 branch of the dungeon, and saw 3 of its levels.

You collected 112 gold pieces.

Inventory:

Hand weapons
 i - a +0 dagger (weapon)
Missiles
 d - 18 poisoned needles
 e - 31 arrows
 h - 42 stones (quivered)
 k - 13 bolts
Armour
 a - a +0 robe (worn)
Scrolls
 c - a scroll of blinking {unknown}
 f - 3 scrolls of identify {unknown}
 g - 2 scrolls of recharging {unknown}
 j - a scroll of magic mapping {unknown}
 l - a scroll of teleportation {unknown}
 m - a scroll of immolation {unknown}
Books
 b - a Young Poisoner's Handbook


   Skills:
 - Level 1.5 Dodging
 - Level 1.5 Stealth
 + Level 2.1 Spellcasting
 + Level 1.9 Conjurations
 * Level 3.9 Poison Magic


You had 2 spell levels left.
You knew the following spells:

 Your Spells              Type           Power        Failure   Level  Hunger
a - Sting                 Conj/Pois      ##..         10%         1    N/A
b - Mephitic Cloud        Conj/Pois/Air  #.......     30%         3    N/A

Dungeon Overview and Level Annotations

Branches:
Dungeon (3/15)

Altars:

Annotations:
D:2 Terence


Innate Abilities, Weirdness & Mutations

You do not eat or drink.
Your flesh is vulnerable to fire.
You are immune to poison.
Your flesh is cold resistant.
You are immune to negative energy.
You are immune to unholy pain and torment.
You can survive without breathing.


Message History

Terence is moderately wounded.
* * * LOW MAGIC WARNING * * *
Terence hits you with a hand axe.
* * * LOW HITPOINT WARNING * * *
Terence hits you but does no damage.
There is an open door here.
Terence looks more healthy.
Terence barely misses you.
Casting: Sting
Confirm with . or Enter, or press ? or * to list all spells.
Aiming: Sting
Press: ? - help, Shift-Dir - straight line, f/p - Terence
Aim: Terence, wielding a hand axe and wearing a chain mail (lightly wounded, fast)
The sting hits Terence.
Terence appears unharmed.
Terence is lightly wounded.
* * * LOW MAGIC WARNING * * *
Terence barely misses you. Terence hits you but does no damage.
Terence hits you with a hand axe.
* * * LOW HITPOINT WARNING * * *
Terence hits you with a hand axe!
You die...

######## #......# #####
#......### ....#
#........#######
....#####.......##....<#
.......###'####.##.#.#.#
..........>..##.##...#.#
###....##....##@##..##.#
.##....##)...##.@......#
.########....#####...###
.......##....# #.....#
÷#...........#
#.#...#########
.#...........#
#.#...........#
##...........#
#.###########.#
#...........# #...#
#.#### #.......#'###
###.# #..... #.......#.#
#...# ####.#


You could see Terence.

Vanquished Creatures
  An orc wizard (D:1)
  An adder (D:2)
  A worm (D:2)
  A giant gecko (D:2)
  A giant cockroach (D:2)
  3 hobgoblins (D:1)
  2 kobolds
  A ball python (D:1)
  3 bats (D:2)
  A giant newt (D:2)
  5 goblins
  2 quokkas (D:2)
  3 rats
25 creatures vanquished.

Notes
Turn   | Place    | Note
--------------------------------------------------------------
     0 | D:1      | emikaela the Mummy Venom Mage began the quest for the Orb.
     0 | D:1      | Reached XP level 1. HP: 13/13 MP: 3/3
   326 | D:1      | Reached skill level 1 in Conjurations
   458 | D:1      | Reached XP level 2. HP: 19/19 MP: 0/5
   963 | D:1      | Reached XP level 3. HP: 8/24 MP: 0/6
   969 | D:1      | Learned a level 3 spell: Mephitic Cloud
  1292 | D:2      | You fall through a shaft!
  1410 | D:3      | Noticed Terence
  2172 | D:2      | Mangled by Terence

Vault maps used:
D:1:      dpeg_arrival_fog
D:3:      first_bread, uniq_terence

Action                   || total
-------------------------++-------
Melee: Dagger            ||    43
       Club              ||     2
 Cast: Sting             ||    64
